 Dungeon Crawl Stone Soup version 0.27.1-3-gb3d3a73c9e (webtiles) character file.

Game seed: 12369138007542633722

6969 workbot the Cleaver (level 10, -1/93 HPs)
             Began as a Minotaur Berserker on Oct 14, 2021.
             Was an Elder of Trog.
             Slain by a 12-headed hydra (7 damage)
             ... on level 8 of the Dungeon.
             The game lasted 00:40:05 (8009 turns).

workbot the Cleaver (Minotaur Berserker)            Turns: 8009, Time: 00:40:05

Health: -1/93      AC: 17    Str: 25    XL:     10   Next: 81%
Magic:  0/9        EV: 12    Int:  4    God:    Trog [****..]
Gold:   422        SH:  0    Dex: 10    Spells: 9/9 levels left

rFire    + . .     SeeInvis .   h - +5 hand axe
rCold    . . .     Faith    .   (no shield)
rNeg     + . .     Spirit   +   d - +4 ring mail
rPois    .         Reflect  .   (helmet restricted)
rElec    .         Harm     .   b - +2 cloak
rCorr    .         Rampage  .   (no gloves)
Will     .....                  c - +2 pair of boots
Stlth    ..........             e - amulet of guardian spirit
HPRegen  0.25/turn              j - ring of protection from fire
MPRegen  0.11/turn              l - ring of positive energy

@: no status effects
A: horns 2, retaliatory headbutt
a: Renounce Religion, Berserk, Trog's Hand, Brothers in Arms


You were on level 8 of the Dungeon.
You worshipped Trog.
Trog was greatly pleased with you.
You visited 2 branches of the dungeon, and saw 9 of its levels.

You collected 497 gold pieces.
You spent 75 gold pieces at shops.

Inventory:

Hand Weapons
 a - a +1 mace
 h - a +5 hand axe (weapon)
Armour
 b - a +2 cloak (worn)
 c - a +2 pair of boots (worn)
 d - a +4 ring mail (worn)
Jewellery
 e - an amulet of guardian spirit (around neck)
 j - a ring of protection from fire (left hand)
 l - a ring of positive energy (right hand)
 m - a ring of fire
Scrolls
 g - a scroll of identify
 n - a scroll of magic mapping
 p - a scroll of teleportation
Potions
 f - 2 potions of curing
 i - a potion of attraction
 o - a potion of magic


   Skills:
 * Level 10.0 Fighting
 - Level 13.3(14.0) Axes
 + Level 7.2(11.2) Maces & Flails
 + Level 7.4 Armour
 + Level 5.2 Dodging


You had 9 spell levels left.
You didn't know any spells.
Your spell library contained the following spells:

 Spells                   Type           Power      Damage    Failure   Level
 Animate Skeleton         Necr           0%         N/A       63%         1
 Apportation              Tloc           0%         N/A       63%         1
 Pain                     Necr           0%         1d4       63%         1
 Shock                    Conj/Air       0%         1d3       63%         1
 Vampiric Draining        Necr           0%         2d6       94%         3
 Alistair's Intoxication  Tmut/Pois      0%         N/A       100%        5
 Freezing Cloud           Conj/Ice/Air   0%         6-21      100%        5
 Lightning Bolt           Conj/Air       0%         1d11      100%        5
 Invisibility             Hex            0%         N/A       100%        6


Dungeon Overview and Level Annotations

Branches:
Dungeon (8/15)             Temple (1/1) D:5
   Lair: D:8-11

Altars:
Ashenzari
Cheibriados
Dithmenos
Elyvilon
Fedhas
Gozag
Hepliaklqana
Kikubaaqudgha
Makhleb
Nemelex Xobeh
Okawaru
Qazlal
Ru
Sif Muna
Trog
Uskayaw
Vehumet
Wu Jian
Xom
Yredelemnul
Zin
The Shining One

Shops:
D:1 !   D:4 *   D:8 !


Innate Abilities, Weirdness & Mutations

You have a pair of horns on your head.
You reflexively headbutt those who attack you in melee.


Message History

The ten-headed hydra barely misses you.
The ten-headed hydra bites you but does no damage.
The ten-headed hydra bites you! The slime creature closely misses you.
You are too injured to fight recklessly!
Cleave: h) +5 hand axe
Press: ? - help, Dir - move target, f - slime creature
Aim: a slime creature (severely wounded, about 13% to evade your +5 hand axe)
You slash the slime creature! You headbutt the slime creature.
The slime creature is almost dead.
Cleave: h) +5 hand axe
Press: ? - help, Dir - move target, f/p - slime creature
Aim: a slime creature (almost dead, about 13% to evade your +5 hand axe)
You slash the slime creature!
You kill the slime creature!
Trog accepts your kill.
Your Fighting skill increases to level 10!
Cleave: h) +5 hand axe
Press: ? - help, Dir - move target, f - ten-headed hydra
Aim: a ten-headed hydra (lightly wounded, about 15% to evade your +5 hand axe)
You chop one of the ten-headed hydra's heads off!
The nine-headed hydra grows two more!
You slash the 11-headed hydra!
The 11-headed hydra is lightly wounded.
Cleave: h) +5 hand axe
Press: ? - help, Dir - move target, f/p - 11-headed hydra
Aim: an 11-headed hydra (lightly wounded, about 15% to evade your +5 hand axe)
You lop one of the 11-headed hydra's heads off!
The ten-headed hydra grows two more!
You slash the 12-headed hydra!
Your headbutt misses the 12-headed hydra.
The 12-headed hydra is lightly wounded.
The 12-headed hydra bites you. x2; The 12-headed hydra bites you!
* * * LOW HITPOINT WARNING * * *
The 12-headed hydra bites you!
* * * LOW HITPOINT WARNING * * *
The 12-headed hydra bites you!
* * * LOW HITPOINT WARNING * * *
The 12-headed hydra closely misses you.
The 12-headed hydra bites you but does no damage.
The 12-headed hydra barely misses you. x2; The 12-headed hydra bites you!
You die...

#)######
#...#.,.<...(
##.##**####
####*.#######
#...#*,..(*** *,.# #
#*##.#####.#*,#
**,##**####
#.##.##.##.##.#
*,,,,>,....
#....)..[.....#
********###
#.##.##.##.##(# #.
#,##.#####.##*******
*#. **#...#*#.@.#
*,,,,* **#..
#####,##D##***,****
*...#
*,*#T#*,**,**,***.#*#
#...o.......,,**,,*##
#[##.##.##.#*,**,*##.
#**#.#**#*,**,***##..
*?..,**,,,*** #...
*###****,**** #...
*,**,**,***#...


You could see a 12-headed hydra, a troll and an orc wizard.

Vanquished Creatures
  Harold (D:8)
  Pikel (D:8)
  A cyclops (D:8)
  2 komodo dragons
  A kobold demonologist (D:8)
  A troll (D:8)
  A slime creature (D:8)
  A hornet (D:8)
  Prince Ribbit (D:8)
  Sigmund (D:2)
  A wyvern (D:8)
  Edmund (D:6)
  Menkaure (D:7)
  A water moccasin (D:7)
  A sky beast (D:5)
  2 ogres
  An orc warrior (D:7)
  2 ice beasts
  A necrophage (D:6)
  2 centaurs
  A phantom (D:4)
  4 lemures (D:8)
  3 kobold brigands (D:8)
  5 bullfrogs
  A water moccasin zombie (D:6)
  A gnoll sergeant (D:6)
  A water moccasin skeleton (D:5)
  7 wights
  A howler monkey (D:7)
  A centaur skeleton (D:7)
  A centaur zombie (D:6)
  2 gnoll shamans
  2 jellies
  A hound (D:4)
  4 orc priests
  2 iguanas
  Natasha (twice) (D:2)
  Ijyb (D:4)
  6 orc wizards
  19 gnolls
  3 adders
  A shadow imp (D:5)
  2 white imps
  2 dart slugs
  12 orcs
  3 endoplasms
  3 giant cockroaches
  4 goblins
  9 hobgoblins
  3 jackals (D:1)
  9 kobolds
  4 quokkas
  5 ball pythons
  4 bats
  7 frilled lizards
  20 rats
180 creatures vanquished.

Vanquished Creatures (collateral kills)
  A two-headed ogre (D:8)
  A kobold (D:8)
2 creatures vanquished.

Vanquished Creatures (others)
  An orc wizard (D:7)
1 creature vanquished.

Grand Total: 183 creatures vanquished

Notes
Turn   | Place    | Note
-------+----------+-------------------------------------------
     0 | D:1      | workbot the Minotaur Berserker began the quest for the Orb.
     0 | D:1      | Reached XP level 1. HP: 19/19 MP: 0/0
   143 | D:1      | Reached XP level 2. HP: 27/27 MP: 1/1
   177 | D:1      | Found Arhigic's Distillery.
   415 | D:1      | Found a faded altar of an unknown god.
   684 | D:2      | Noticed Natasha
   685 | D:2      | Reached ** piety under Trog
   686 | D:2      | Reached XP level 3. HP: 30/33 MP: 2/2
   693 | D:2      | Killed Natasha
   694 | D:2      | Reached skill level 5 in Maces & Flails
   865 | D:2      | Noticed Sigmund
   872 | D:2      | Killed Sigmund
   873 | D:2      | Reached skill level 5 in Fighting
   873 | D:2      | Reached XP level 4. HP: 42/42 MP: 3/3
   873 | D:2      | Reached XP level 5. HP: 48/48 MP: 4/4
  1199 | D:2      | Noticed Natasha
  1216 | D:2      | Killed Natasha
  1706 | D:3      | Reached XP level 6. HP: 56/56 MP: 5/5
  2454 | D:4      | Reached skill level 1 in Axes
  2636 | D:4      | Noticed Ijyb
  2645 | D:4      | Killed Ijyb
  2726 | D:4      | Found Zuwnaoq's General Store.
  2729 | D:4      | Bought a scroll of enchant armour for 75 gold pieces
  2883 | D:4      | Reached *** piety under Trog
  2947 | D:4      | Reached skill level 2 in Axes
  3140 | D:4      | Reached skill level 3 in Axes
  3140 | D:4      | Reached XP level 7. HP: 61/61 MP: 6/6
  3173 | D:5      | Entered Level 5 of the Dungeon
  3323 | D:5      | Reached skill level 4 in Axes
  3459 | D:5      | Found a staircase to the Ecumenical Temple.
  3481 | Temple   | Entered the Ecumenical Temple
  3756 | D:5      | Found a bloodstained altar of Trog.
  3756 | D:5      | Found a blossoming altar of Fedhas.
  3757 | D:5      | Found a shadowy altar of Dithmenos.
  3820 | D:5      | Reached skill level 5 in Axes
  4383 | D:5      | Reached skill level 6 in Axes
  4383 | D:5      | Reached XP level 8. HP: 64/70 MP: 5/7
  4604 | D:6      | Found a sparkling altar of Nemelex Xobeh.
  4897 | D:6      | Found a shimmering altar of Xom.
  4897 | D:6      | Found an opulent altar of Gozag.
  4897 | D:6      | Found a hazy altar of Hepliaklqana.
  4897 | D:6      | Found a broken altar of Ashenzari.
  4899 | D:6      | Found a burning altar of Makhleb.
  4899 | D:6      | Found an iron altar of Okawaru.
  4919 | D:6      | Reached skill level 7 in Axes
  4964 | D:6      | Noticed a komodo dragon
  4976 | D:6      | Killed a komodo dragon
  4977 | D:6      | Reached skill level 8 in Axes
  4977 | D:6      | Reached skill level 5 in Armour
  5551 | D:6      | Identified the +3 short sword "Tuloj Fisa" {holy, Fragile
                  | Will++ Dex+7}
  5671 | D:6      | Noticed Edmund
  5684 | D:6      | Killed Edmund
  5836 | D:6      | Reached skill level 9 in Axes
  6045 | D:6      | Reached XP level 9. HP: 78/78 MP: 8/8
  6194 | D:6      | Found an ornate altar of the Wu Jian Council.
  6373 | D:7      | Noticed Menkaure
  6379 | D:7      | Reached skill level 10 in Axes
  6399 | D:7      | Reached **** piety under Trog
  6614 | D:7      | Killed Menkaure
  6715 | D:7      | Reached skill level 11 in Axes
  6829 | D:7      | Got the Almanac of Air
  7185 | D:8      | Noticed a two-headed ogre
  7190 | D:8      | Noticed Harold
  7192 | D:8      | Killed a two-headed ogre
  7193 | D:8      | Reached skill level 12 in Axes
  7209 | D:8      | Killed Harold
  7210 | D:8      | Reached XP level 10. HP: 88/88 MP: 6/9
  7216 | D:8      | Found Lutede's Distillery.
  7356 | D:8      | Noticed Prince Ribbit
  7380 | D:8      | Killed Prince Ribbit
  7530 | D:8      | Noticed Pikel
  7543 | D:8      | Killed Pikel
  7544 | D:8      | Reached skill level 13 in Axes
  7627 | D:8      | Noticed a rust devil
  7637 | D:8      | Noticed an orange demon
  7640 | D:8      | Noticed an orange demon
  7687 | D:8      | Noticed a cyclops
  7710 | D:8      | Killed a cyclops
  7724 | D:8      | Reached skill level 5 in Dodging
  7994 | D:8      | Noticed a five-headed hydra
  8008 | D:8      | Reached skill level 10 in Fighting
  8009 | D:8      | Slain by a 12-headed hydra

Illustrated notes

Levels and vault maps discovered:
D:1:      giann_wishing_wells, layout_rooms, serial_shops, shop,
          ebering_ecumenical_altar_box
D:2:      layout_loops_cross, uniq_natasha, uniq_sigmund
D:3:      layout_basic
D:4:      layout_loops_ring, serial_shops, kennysheep_mini_moat,
          minmay_rat_hole, uniq_ijyb
D:5:      layout_basic, gammafunk_temple_overflow_claw, minmay_temple_entry_mist
D:6:      layout_basic, nzn_wu_jian_council_hall,
          mainiacjoe_overflow_surrounded_room, grunt_temple_overflow_open,
          minmay_misc_feat_diagonals, uniq_edmund
D:7:      layout_rooms, uniq_menkaure
D:8:      hangedman_cross_veins, layout_rooms, serial_shops, shop,
          uniq_prince_ribbit1, uniq_pikel, uniq_harold
Temple:   minmay_temple_curvy_loop

Skill      XL: |  1  2  3  4  5  6  7  8  9 10 |
---------------+-------------------------------+-----
Maces & Flails | 4 6 7 |  7.2
Fighting       | 4 5 6 8 10 | 10.0
Armour         | 3 4 5 6 7 |  7.4
Axes           | 3 6 9 12 13 | 13.3
Dodging        | 3 4 5 |  5.2

Action                   |  1- 3 |  4- 6 |  7- 9 | 10-12 || total
-------------------------+-------+-------+-------+-------++-------
Melee: Mace              |    47 |    60 |       |       ||   107
       Headbutt          |     7 |    19 |    51 |    17 ||    94
       Hand axe          |       |    60 |   234 |   112 ||   406
Invok: Berserk           |     2 |       |     4 |     1 ||     7
       Trog's Hand       |     1 |       |       |       ||     1
       Brothers in Arms  |       |       |     1 |       ||     1
  Use: Scroll            |     5 |     9 |     9 |     4 ||    27
       Potion            |       |     2 |     5 |     4 ||    11
Armor: Ring mail         |     5 |    40 |    91 |    42 ||   178
       Leather armour    |     4 |       |       |       ||     4
Dodge: Dodged            |    28 |    54 |    99 |    52 ||   233
